 Dungeon Crawl Stone Soup version 0.31.0-1-g2c135a008e (webtiles) character file.

Game seed: 4552354783109321969

2613 qw the Skirmisher (level 9, -2/66 HPs)
             Began as a Djinni Hunter on Jan 24, 2024.
             Killed from afar by an orc wizard (3 damage)
             ... with a puff of flame
             ... on level 6 of the Dungeon.
             The game lasted 00:00:24 (4678 turns).

qw the Skirmisher (Djinni Hunter)                   Turns: 4678, Time: 00:00:24

Health: -2/66      AC:  4    Str: 10    XL:     9   Next: 90%
Gold:   1518       EV: 15    Int: 10    God:
                   SH:  0    Dex: 22

rFire   + + .        f - +3 arbalest
rCold   x . .        (shield currently unavailable)
rNeg    . . .        h - +1 leather armour of the Akabeko {MP+9 Slay+3}
rPois   inf          (no helmet)
rElec   .            (no cloak)
rCorr   .            (no gloves)
SInv    .            (boots unavailable)
Will    .....        (no amulet)
Stlth   ++           (no ring)
HPRegen 0.31/turn    (no ring)
MPRegen 0.00/turn

%: infuse magic (-3 HP)
@: flying
A: sickness immunity, fire resistance 2, cold vulnerability 1, float, innate
caster, HP casting, extra vitality 1, inability to drink after injury 1
a: no special abilities


You were on level 6 of the Dungeon.
You visited 1 branch of the dungeon, and saw 6 of its levels.
You also visited: Sewer.

You collected 1518 gold pieces.


Innate Abilities, Weirdness & Mutations

You are immune to sickness and miasma.
You are immune to poison.
Your flesh is very heat resistant. (rF++)
You are vulnerable to cold. (rC-)
You float through the air rather than walking.
You learn spells naturally, not from books.
Your magical power is your life essence.
You have superior vitality. (+4 MHP)
You occasionally lose the ability to drink potions when taking damage.


   Skills:
 - Level 5.7 Fighting
 - Level 12.1 Ranged Weapons
 - Level 1.4 Armour
 + Level 5.4 Dodging
 - Level 0.7 Stealth


You knew the following spells:

 Your Spells              Type           Power      Damage    Failure   Level
a - Shock                 Conj/Air       0%         1d3       45%         1
b - Static Discharge      Conj/Air       0%         3-3/arc   58%         2
c - Teleport Other        Tloc           0%         N/A       83%         3
d - Summon Ice Beast      Ice/Summ       0%         N/A       83%         3
Your spell library was empty.

Inventory:

Hand Weapons
 f - a +3 arbalest (weapon)
Armour
 h - the +1 leather armour of the Akabeko (worn) {MP+9 Slay+3}
   (You found it on level 2 of the Dungeon)

   Slay+3:    It affects your accuracy & damage with ranged weapons and melee
   (+3).
   MP+9:      It affects your magic capacity (+9).
Potions
 a - a potion of enlightenment
 c - a potion of curing
 m - a potion of brilliance {unknown}

Dungeon Overview and Level Annotations

Branches:
Dungeon (6/15)             Temple (0/1) D:6           Sewer (visited)

Altars:
Trog

Shops:
D:1 [   D:6 :

Annotations:
D:6 Jeremiah


Message History

An orc wizard and an orc come into view.
The butterfly disappears in a burst of colours!
4665 ||| FLEEEEING.
The butterfly disappears in a burst of colours!
4666 ||| FLEEEEING.
An orc comes into view. It is wielding a +0 club.
You shoot a bolt. The bolt barely misses the orc.
The orc shouts! x2
The butterfly disappears in a burst of colours! x3
4668 ||| FLEEEEING.
The orc throws a boomerang.
The boomerang hits you but does no damage.
You shoot a bolt. The bolt barely misses the orc.
The butterfly disappears in a burst of colours!
4670 ||| FLEEEEING.
You shoot a bolt. The bolt barely misses the orc.
The butterfly disappears in a burst of colours!
You shoot a bolt. The bolt hits the orc!
You kill the orc!
You shoot a bolt. The bolt hits the orc.
The orc is severely wounded.
The butterfly disappears in a burst of colours!
The orc barely misses you.
You shoot a bolt. The bolt hits the orc.
You kill the orc!
The butterfly disappears in a burst of colours!
Jeremiah whispers, "Once you die, everything will be fine.
It promises."
The butterfly disappears in a burst of colours!
The butterfly disappears in a burst of colours!
Jeremiah says, "Time for a nap after this, I think."
Jeremiah shouts, "O dreadful one, destroy my foe!"
Something smites you!
You shoot a bolt. The bolt closely misses the orc wizard.
The orc wizard shouts!
The butterfly disappears in a burst of colours!
Jeremiah shouts, "O dreadful one, destroy my foe!"
Something smites you! The orc wizard casts a spell at you.
The puff of flame hits you. You resist.
You die...

,,,*,**********,,...**,*
,,**,* #####.....##.##
,<**>* #######.o###.###
,,,*,* ########o###.###
**,*,* ########$###.###
**********########.###.###
~~~~~~~~~*########o##...##**
~~~~~~~~~*######.$........,*
~~~~~~~~~######.@).b....##,*
~*****~~~#.......#.#.#.###,*
~*,,,***##....##.#.#.#.###,*
~*,>,,,,......##b#.#.#.###,*
~*,,,****#=....?Fb.>.#.###,*
~*****~~~#.......b.###.###,*
~~~~~~~~~#....##.b####.###,*
~~~~~~~~~#...###..####.###,*
~~~~~~~~~#.#####.......###.*


You could see Jeremiah and an orc wizard.

Vanquished Creatures
  Pikel (D:6)
  Eustachio (D:6)
  Menkaure (D:4)
  Pargi (Sewer)
  3 ogres
  A phantom (D:5)
  A kobold brigand (Sewer)
  A lemure (D:6)
  A brain worm (Sewer)
  2 scorpions
  A bombardier beetle (D:4)
  An orc priest (D:5)
  A hound (D:5)
  A sleepcap (D:5)
  A gnoll bouda (D:5)
  3 iguanas (D:5)
  3 orc wizards (D:5)
  2 hound zombies (D:4)
  5 gnolls (D:5)
  5 adders
  An adder skeleton (D:4)
  4 adder zombies (D:4)
  6 dart slugs
  18 orcs
  5 endoplasms
  13 giant cockroaches
  7 goblins
  4 hobgoblins
  3 jackals (D:1)
  9 quokkas
  7 ball pythons
  8 bats
  6 frilled lizards
  9 kobolds
  7 rats
143 creatures vanquished.

Notes
Turn   | Place    | Note
-------+----------+-------------------------------------------
     0 | D:1      | qw the Djinni Hunter began the quest for the Orb.
     0 | D:1      | Reached XP level 1. HP: 18/18 MP: 0/0
     0 | D:1      | 0 ||| qw: Version: 0.3-a-136-gdd3b4e8
     0 | D:1      | 0 ||| qw: Game counter: 1411
     0 | D:1      | 0 ||| qw: Melee chars always use a shield: true
     0 | D:1      | 0 ||| qw: God list: Okawaru
     0 | D:1      | 0 ||| qw: Allow faded altars: false
     0 | D:1      | 0 ||| qw: Do Orc after clearing Dungeon:15 true
     0 | D:1      | 0 ||| qw: Do second Lair branch before Depths: true
     0 | D:1      | 0 ||| qw: Lair rune preference: random
     0 | D:1      | 0 ||| qw: Goals: Normal
     0 | D:1      | 0 ||| PLANNING D:1-11
    47 | D:1      | Reached XP level 2. HP: 23/23 MP: 0/0
    97 | D:1      | Found Sotiru's Armour Shoppe.
   103 | D:1      | 103 ||| SHOPLISTING +0 pair of gloves (49 gold, have 0).
   103 | D:1      | 103 ||| SHOPLISTING +0 troll leather armour (165 gold, have
                  | 0).
   103 | D:1      | 103 ||| SHOPLISTING +2 robe of cold resistance (194 gold,
                  | have 0).
   364 | D:1      | Reached skill level 4 in Ranged Weapons
   364 | D:1      | Reached XP level 3. HP: 25/28 MP: 0/0
   364 | D:1      | Learned a level 1 spell: Shock
   941 | D:1      | 941 ||| READING scroll labelled LIULURH FEUN.
   942 | D:1      | 942 ||| DRINKING 2 yellow potions.
   949 | D:1      | 949 ||| DROPPING scroll of butterflies.
   950 | D:1      | 950 ||| DROPPING potion of ambrosia.
  1168 | D:2      | Reached XP level 4. HP: 34/34 MP: 0/0
  1340 | D:2      | 1340 ||| FLEEEEING.
  1346 | D:2      | 1346 ||| FLEEEEING.
  1347 | D:2      | 1347 ||| FLEEEEING.
  1353 | D:2      | Reached skill level 3 in Fighting
  1378 | D:2      | Identified the +1 leather armour of the Akabeko {MP+9
                  | Slay+3}
  1532 | D:2      | Found a faded altar of an unknown god.
  1593 | D:2      | 1593 ||| UPGRADING to +1 leather armour of the Akabeko
                  | {MP+9 Slay+3}.
  1603 | D:2      | 1603 ||| DROPPING +0 leather armour.
  1604 | D:2      | 1604 ||| READING scroll labelled FEGRENN SEREI.
  1605 | D:2      | 1605 ||| READING scroll labelled EMEWNE ELOPHURGH.
  1605 | D:2      | 1605 ||| ENCHANTING +0 shortbow.
  1606 | D:2      | 1606 ||| READING scroll labelled ZIOTIZ FIQ ROMP.
  1606 | D:2      | 1606 ||| IDENTIFYING sedimented amethyst potion
  1607 | D:2      | 1607 ||| DRINKING potion of mutation.
  1607 | D:2      | Gained mutation: You are clumsy. (Dex -2) [potion of
                  | mutation]
  1607 | D:2      | Gained mutation: You occasionally lose the ability to drink
                  | potions when taking damage. [potion of mutation]
  1607 | D:2      | Lost mutation: You are clumsy. (Dex -2) [potion of
                  | mutation]
  1613 | D:3      | 1613 ||| PLANNING SEWER
  1692 | D:3      | Found a glowing drain.
  1706 | Sewer    | Entered a sewer
  1727 | Sewer    | Noticed a kobold brigand
  1728 | Sewer    | 1728 ||| ZAPPING wand of paralysis (7) at -1,-1 (kobold
                  | brigand; open_door).
  1729 | Sewer    | 1729 ||| ZAPPING wand of paralysis (6) at -1,-1 (kobold
                  | brigand; open_door).
  1736 | Sewer    | Killed a kobold brigand
  1737 | Sewer    | Reached XP level 5. HP: 35/40 MP: 0/0
  1737 | Sewer    | Learned a level 2 spell: Static Discharge
  1770 | Sewer    | Noticed Pargi
  1771 | Sewer    | 1771 ||| ZAPPING wand of paralysis (5) at 0,1 (Pargi;
                  | open_door).
  1779 | Sewer    | 1779 ||| ZAPPING wand of paralysis (4) at 0,1 (Pargi;
                  | open_door).
  1780 | Sewer    | 1780 ||| ZAPPING wand of paralysis (3) at 0,1 (Pargi;
                  | open_door).
  1781 | Sewer    | Killed Pargi
  1782 | Sewer    | Reached XP level 6. HP: 41/46 MP: 0/0
  1841 | Sewer    | Reached skill level 5 in Ranged Weapons
  1978 | Sewer    | 1978 ||| SWAPPING to +0 arbalest.
  1992 | Sewer    | 1992 ||| DROPPING +0 shortbow.
  1995 | Sewer    | 1995 ||| READING scroll labelled ITHROA QOMIBYRPH.
  1995 | Sewer    | Identified a scroll of acquirement
  1995 | Sewer    | 1995 ||| ACQUIRING 1251 gold pieces
  1995 | Sewer    | Acquired 1251 gold pieces
  2004 | D:3      | 2004 ||| PLANNING D:1-11
  2068 | D:3      | HP: 10/46 [orc/+0 mace (7)]
  2070 | D:3      | HP: 4/46 [orc/+0 mace (2)]
  2430 | D:3      | Found a bloodstained altar of Trog.
  2540 | D:3      | 2540 ||| READING scroll of identify.
  2540 | D:3      | 2540 ||| IDENTIFYING silvery potion
  2541 | D:3      | 2541 ||| READING scroll labelled UDYCAARAAZ.
  2542 | D:3      | 2542 ||| DROPPING potion of magic.
  2550 | D:4      | 2550 ||| PLANNING OSSUARY
  2555 | D:4      | Reached XP level 7. HP: 49/51 MP: 0/0
  2555 | D:4      | Learned a level 3 spell: Teleport Other
  2768 | D:4      | Noticed Menkaure
  2769 | D:4      | 2769 ||| ZAPPING wand of paralysis (2) at -6,-1 (Menkaure;
                  | floor).
  2773 | D:4      | Killed Menkaure
  3061 | D:4      | Reached skill level 6 in Ranged Weapons
  3141 | D:4      | Found a sand-covered staircase.
  3142 | D:4      | 3142 ||| READING 4 scrolls of identify.
  3142 | D:4      | 3142 ||| IDENTIFYING puce potion
  3143 | D:4      | 3143 ||| DRINKING potion of experience.
  3143 | D:4      | Reached skill level 12 in Ranged Weapons
  3143 | D:4      | Reached XP level 8. HP: 58/58 MP: 0/0
  3144 | D:4      | 3144 ||| READING 3 scrolls of identify.
  3144 | D:4      | 3144 ||| IDENTIFYING smoky silvery potion
  3145 | D:4      | 3145 ||| READING 2 scrolls of identify.
  3145 | D:4      | 3145 ||| IDENTIFYING orange potion
  3146 | D:4      | 3146 ||| READING scroll of identify.
  3146 | D:4      | 3146 ||| IDENTIFYING smoky yellow potion
  3147 | D:4      | 3147 ||| READING scroll labelled SIPSUP YNNELAE.
  3152 | D:4      | 3152 ||| READING scroll labelled MOIXAMA DYEGU.
  3153 | D:4      | 3153 ||| READING scroll labelled SEALANI OXAS.
  3153 | D:4      | 3153 ||| ENCHANTING +0 arbalest.
  3154 | D:4      | 3154 ||| DRINKING 2 amethyst potions.
  3155 | D:4      | 3155 ||| DROPPING potion of degeneration.
  3155 | D:4      | 3155 ||| RIP OSSUARY
  3156 | D:4      | 3156 ||| PLANNING D:1-11
  3233 | D:4      | 3233 ||| DROPPING potion of lignification.
  3250 | D:5      | Entered Level 5 of the Dungeon
  3253 | D:5      | 3253 ||| RETREEEEATING.
  3254 | D:5      | 3254 ||| RETREEEEATING.
  3255 | D:5      | 3255 ||| RETREEEEATING.
  3261 | D:5      | Reached XP level 9. HP: 30/62 MP: 0/0
  3261 | D:5      | Learned a level 3 spell: Summon Ice Beast
  3262 | D:5      | HP: 13/62 [gnoll/+0 spear[a gnoll bouda] (5)]
  3263 | D:5      | 3263 ||| DRINKING potion of heal wounds.
  3271 | D:5      | HP: 15/62 [gnoll/+0 spear[a gnoll bouda] (5)]
  3510 | D:5      | 3510 ||| READING scroll of enchant weapon.
  3510 | D:5      | 3510 ||| ENCHANTING +1 arbalest.
  3574 | D:5      | 3574 ||| RETREEEEATING.
  3575 | D:5      | 3575 ||| RETREEEEATING.
  4347 | D:5      | 4347 ||| STAIRDANCE
  4413 | D:5      | 4413 ||| READING scroll of enchant weapon.
  4413 | D:5      | 4413 ||| ENCHANTING +2 arbalest.
  4464 | D:6      | Noticed Pikel
  4464 | D:6      | Found Raosimm's Book Shoppe.
  4465 | D:6      | 4465 ||| RETREEEEATING.
  4469 | D:6      | 4469 ||| ZAPPING wand of paralysis (1) at 0,-1 (Pikel;
                  | floor).
  4473 | D:6      | Killed Pikel
  4612 | D:6      | Reached skill level 1 in Armour
  4615 | D:6      | Noticed Eustachio
  4616 | D:6      | Noticed Jeremiah
  4617 | D:6      | 4617 ||| RETREEEEATING.
  4618 | D:6      | 4618 ||| RETREEEEATING.
  4622 | D:6      | 4622 ||| FLEEEEING.
  4623 | D:6      | 4623 ||| RETREEEEATING.
  4624 | D:6      | 4624 ||| RETREEEEATING.
  4625 | D:6      | 4625 ||| RETREEEEATING.
  4627 | D:6      | 4627 ||| RETREEEEATING.
  4629 | D:6      | 4629 ||| RETREEEEATING.
  4631 | D:6      | 4631 ||| RETREEEEATING.
  4637 | D:6      | Killed Eustachio
  4647 | D:6      | 4647 ||| READING scroll of identify.
  4647 | D:6      | 4647 ||| IDENTIFYING fizzy emerald potion
  4660 | D:6      | 4660 ||| READING scroll labelled XUISHRAURROI.
  4661 | D:6      | 4661 ||| PLANNING TEMPLE
  4661 | D:6      | 4661 ||| FLEEEEING.
  4663 | D:6      | 4663 ||| FLEEEEING.
  4664 | D:6      | 4664 ||| FLEEEEING.
  4665 | D:6      | 4665 ||| FLEEEEING.
  4666 | D:6      | 4666 ||| FLEEEEING.
  4668 | D:6      | 4668 ||| FLEEEEING.
  4670 | D:6      | 4670 ||| FLEEEEING.
  4677 | D:6      | HP: 13/66 [Jeremiah/divine providence (13)]
  4678 | D:6      | HP: 1/66 [Jeremiah/divine providence (12)]
  4678 | D:6      | Killed from afar by an orc wizard

Levels and vault maps discovered:
D:1:      dpeg_arrival_subterranean_lakeside_camping, layout_loops_corners,
          serial_shops, shop
D:2:      layout_basic, shapermc_ecumenical_altar_petra
D:3:      layout_basic, trog_three_pillars_becter, gup_sewer_entry_pipe,
          minmay_misc_feat_more_columns, st_stairs_5
D:4:      minmay_door_path, layout_rooms,
          mainiacjoe_ossuary_entry_find_the_door, uniq_menkaure
D:5:      layout_basic, serial_aquarium, aquarium_bridge_square
          [aquarium_subvault_bridge, aquarium_subvault_balcony,
          aquarium_subvault_wall, aquarium_subvault_bridge],
          aquarium_bridge_long_joined [aquarium_subvault_bridge,
          aquarium_subvault_bridge, aquarium_subvault_window,
          aquarium_subvault_bridge, aquarium_subvault_wall,
          aquarium_subvault_wall], aquarium_window_1, aquarium_window_2,
          aquarium_window_1, aquarium_window_2, aquarium_view_2f,
          nicolae_fountain_basement
D:6:      layout_loops_ring, minmay_temple_entry_poolview,
          minmay_misc_feat_tower, nicolae_stop_n_shop_2, uniq_eustachio,
          uniq_pikel, uniq_jeremiah

Skill      XL: |  1  2  3  4  5  6  7  8  9 |
---------------+----------------------------+-----
Ranged Weapons | 4 5 12 | 12.1
Fighting       | 3 4 5 |  5.7
Dodging        | 4 5 |  5.4
Armour         | 1 |  1.4
Stealth        | |  0.7

Action                     |  1- 3 |  4- 6 |  7- 9 || total
---------------------------+-------+-------+-------++-------
   Fire: Shortbow          |    91 |    65 |       ||   156
         Arbalest          |       |    43 |   160 ||   203
  Evoke: Wand              |       |     5 |     2 ||     7
    Use: Scroll            |     1 |     6 |    11 ||    18
         Potion            |     1 |     1 |     3 ||     5
 Armour: Leather armour    |    23 |    33 |    63 ||   119
  Dodge: Dodged            |    26 |    32 |    74 ||   132

Table legend:
 A = Non-vault XP
 B = Vault XP
 C = Vault XP percentage of total XP
 D = Non-vault monster count
 E = Vault monster count
 F = Vault count percentage of total count
                 A         B        C        D         E       F
            +---------+---------+-------+---------+---------+-------
      Total |    1255 |    1533 |  55.0 |     102 |      40 |  28.2
            +---------+---------+-------+---------+---------+-------
        D:1 |      52 |       9 |  14.8 |      29 |       6 |  17.1
        D:2 |      16 |       0 |   0.0 |       8 |       0 |   0.0
        D:3 |      42 |      23 |  35.4 |      20 |      12 |  37.5
        D:4 |     264 |     269 |  50.5 |      10 |      10 |  50.0
        D:5 |     673 |      72 |   9.7 |      31 |       2 |   6.1
        D:6 |     208 |     825 |  79.9 |       4 |       2 |  33.3
      Sewer |       0 |     335 | 100.0 |       0 |       8 | 100.0
            +---------+---------+-------+---------+---------+-------
